 Dungeon Crawl Stone Soup version 0.32-a0-131-g9dbbe29261 (webtiles) character file.

Game seed: 10406355204795616314

352 Dittersdorf the Trooper (level 6, 0/40 HPs)
             Began as a Gargoyle Fighter on Feb 8, 2024.
             Was an Initiate of Gozag.
             Slain by a kobold brigand
             ... wielding a +0 whip
              (4 damage)
             ... in a sewer.
             The game lasted 00:04:59 (3032 turns).

Dittersdorf the Trooper (Gargoyle Fighter)          Turns: 3032, Time: 00:05:00

Health: 0/40       AC: 16    Str: 27    XL:     6   Next: 62%
Magic:  6/6        EV:  8    Int:  9    God:    Gozag
Gold:   406        SH:  4    Dex:  9    Spells: 5/5 levels left

rFire   . . .        a - +0 flail
rCold   . . .        c - +0 buckler
rNeg    + . .        r - +0 chain mail
rPois   ∞            f - +0 helmet
rElec   +            (no cloak)
rCorr   .            (no gloves)
SInv    .            j - +0 pair of boots
Will    .....        (no amulet) Stlth
                     h - +6 ring of strength
HPRegen 0.26/turn    (no ring)
MPRegen 0.10/turn

%: no passive effects
@: no status effects
A: sickness immunity, AC +4, negative energy resistance 1, electricity
resistance, torment resistance 1, petrification resistance
a: Renounce Religion, Potion Petition, Call Merchant, Bribe Branch


You were in a sewer.
You worshipped Gozag.
Gozag was aware of your devotion.
You visited 1 branch of the dungeon, and saw 4 of its levels.
You also visited: Sewer.

You collected 434 gold pieces.
You paid 28 gold pieces to Gozag.

Inventory:

Hand Weapons
 a - a +0 flail (weapon)
Armour
 c - a +0 buckler (worn)
 f - a +0 helmet (worn)
 j - a +0 pair of boots (worn)
 r - a +0 chain mail (worn)
Jewellery
 h - a +6 ring of strength (left hand)
Scrolls
 b - a scroll of fear
 k - 3 scrolls of teleportation
 q - a scroll of blinking
Potions
 d - 2 potions of might
 e - 2 potions of haste {unknown}
 g - 2 potions of ambrosia {unknown}
 i - a potion of degeneration {unknown}
 l - a potion of magic {unknown}
 m - a potion of brilliance {unknown}
 n - a potion of heal wounds {unknown}
 p - a potion of enlightenment {unknown}
 s - a potion of curing {unknown}
 t - a potion of lignification {unknown}
 u - 3 potions of invisibility


   Skills:
 + Level 4.9 Fighting
 + Level 3.7 Maces & Flails
 + Level 4.8 Armour
 + Level 4.8 Shields


You had 5 spell levels left.
You didn't know any spells.
Your spell library contained the following spells:

 Spells                   Type           Power      Damage    Failure   Level
 Call Imp                 Summ           0%         N/A       97%         2
 Summon Hydra             Summ           0%         N/A       100%        7
 Sublimation of Blood     Necr           Unusable   N/A       N/A         2

Dungeon Overview and Level Annotations

Branches:
Dungeon (4/15)              Sewer (1/1)
 Temple: D:4-7

Altars:
Gozag


Innate Abilities, Weirdness & Mutations

You are immune to sickness and miasma.
Your stone body is resilient. (AC +4)
You are immune to poison.
You resist negative energy. (rN+)
You are resistant to electric shocks. (rElec)
You are resistant to unholy torment.
You are immune to petrification.


Message History

You are too injured to fight recklessly!
You barely miss the kobold brigand.
The kobold brigand is severely wounded.
The kobold closely misses you.
The kobold brigand hits you with a +0 whip.
The kobold hits you but does no damage.
You hit the kobold brigand.
The kobold brigand is almost dead.
The kobold barely misses you. x2
The kobold brigand hits you but does no damage. x2
The kobold hits you but does no damage. x2
You closely miss the kobold brigand.
The kobold brigand is almost dead.
You block the kobold's attack.
The kobold hits you with a +0 short sword.
* * * LOW HITPOINT WARNING * * *
You block the kobold brigand's attack.
You barely miss the kobold brigand.
The kobold brigand is almost dead.
The kobold hits you but does no damage. x2
The kobold brigand hits you but does no damage.
You barely miss the kobold brigand.
The kobold brigand is almost dead.
The kobold hits you but does no damage. x2
The kobold brigand barely misses you.
The kobold brigand hits you with a +0 whip.
* * * LOW HITPOINT WARNING * * *
The kobold barely misses you. The kobold hits you with a +0 dagger.
* * * LOW HITPOINT WARNING * * *
You closely miss the kobold brigand.
The kobold brigand is almost dead.
The kobold hits you but does no damage. You block the kobold's attack.
The kobold brigand hits you but does no damage.
You barely miss the kobold brigand.
The kobold brigand is almost dead.
The kobold hits you with a +0 dagger.
* * * LOW HITPOINT WARNING * * *
The kobold brigand hits you with a +0 whip.
You die...
Your body crumbles into a pile of gold.

####### ##≈ ####
######..#..#!.#≈ #..###
##.......#K....#≈
.....###........@K...#
................#K....#≈
.##.............#..#..#≈
.####......##~~~#### ##≈
..##....~.##≈~≈≈≈#
.....~..~≈≈~~≈≈≈#≈#
~~~.~~≈≈≈≈≈≈≈≈≈≈≈#≈ #
~≈≈~≈≈≈≈≈≈≈≈≈≈≈≈#≈# ≈#
~~~≈≈≈≈≈≈≈≈≈≈≈≈≈≈# ≈#


You could see a kobold brigand and 2 kobolds.

Vanquished Creatures
  A sky beast (D:3)
  A sleepcap (D:4)
  A gnoll (D:3)
  6 river rats (Sewer)
  5 adders
  3 dart slugs
  7 ribbon worms
  6 orcs
  17 ball pythons
  5 bats
  4 endoplasms
  3 giant cockroaches
  5 goblins
  5 hobgoblins
  2 frilled lizards
  17 kobolds
  23 rats
111 creatures vanquished.

Notes
Turn   | Place    | Note
-------+----------+-------------------------------------------
     0 | D:1      | Dittersdorf the Gargoyle Fighter began the quest for the
                  | Orb.
     0 | D:1      | Reached XP level 1. HP: 14/14 MP: 1/1
   211 | D:1      | Reached XP level 2. HP: 19/19 MP: 2/2
   730 | D:2      | Reached XP level 3. HP: 19/24 MP: 3/3
  1043 | D:2      | Found a faded altar of an unknown god.
  1207 | D:2      | Reached XP level 4. HP: 29/29 MP: 4/4
  1597 | D:3      | Noticed a sky beast
  1608 | D:3      | Killed a sky beast
  1609 | D:3      | Reached XP level 5. HP: 19/34 MP: 5/5
  1971 | D:3      | Identified the +1 battleaxe of Ivom {holy, rF++ Will+
                  | Dex-5}
  2028 | D:3      | Found an opulent altar of Gozag.
  2034 | D:3      | Became a worshipper of Gozag Ym Sagoz the Greedy
  2512 | D:4      | Reached XP level 6. HP: 39/39 MP: 6/6
  2638 | D:4      | Found a glowing drain.
  2660 | Sewer    | Entered a sewer
  3032 | Sewer    | Slain by a kobold brigand

Illustrated notes

Levels and vault maps discovered:
D:1:      dpeg_arrival_simpleton_a, layout_rooms, st_stairs_13,
          roderic_lattice_a, minmay_misc_feat_columns
D:2:      layout_rooms, hellmonk_ecumenical_altar_defaced_shrine
D:3:      layout_basic, nicolae_gozag_cash_rules_everything_around_me,
          minmay_misc_feat_five, minmay_vboxes
D:4:      layout_loops_ring, eat_drink_and_be_merry_uskayaw,
          cheibrodos_sewer_entry_bend, minmay_goblin_kobold_house
Sewer:    sewer_minmay_treatment

Skill      XL: |  1  2  3  4 |
---------------+-------------+-----
Fighting       | 4 |  4.9
Armour         | 4 |  4.8
Shields        | 4 |  4.8
Maces & Flails | 3 |  3.7

Action                     |  1- 3 |  4- 6 || total
---------------------------+-------+-------++-------
  Melee: Flail             |   134 |   304 ||   438
    Use: Scroll            |       |     9 ||     9
 Armour: Scale mail        |    88 |    18 ||   106
         Chain mail        |       |   278 ||   278
  Dodge: Dodged            |    70 |   144 ||   214
  Block: Buckler           |    30 |    74 ||   104

Table legend: (Time is in decaauts)
 A = Elapsed time spent in this place.
 B = Non-inter-level travel time spent in this place.
 C = Inter-level travel time spent in this place.
 D = Time resting spent in this place.
 E = Time spent auto-exploring this place.
 F = Levels seen in this place.
 G = Mean time per level.
                   A        B        C        D        E       F      G
               +--------+--------+--------+--------+--------+-----+--------+
         Total |   3156 |   3066 |     90 |    116 |   1890 |   5 |  631.2 |
       Dungeon |   2745 |   2655 |     90 |    116 |   1701 |   4 |  686.2 |
         Sewer |    411 |    411 |      0 |      0 |    189 |   1 |  411.0 |
               +--------+--------+--------+--------+--------+-----+--------+

Top non-repeatable levels by time:
     D:3: 989 daAuts
     D:1: 755 daAuts
     D:2: 709 daAuts
   Sewer: 411 daAuts
     D:4: 291 daAuts
